 Dungeon Crawl Stone Soup version 0.32-a0-675-gdc239d62e1 (webtiles) character file.

Game seed: 3111134329210065182

206 Xavori the Trooper (level 6, -3/51 HPs)
             Began as a Djinni Chaos Knight on Mar 9, 2024.
             Was a Plaything of Xom.
             Slain by a neqoxec (8 damage)
             ... summoned by Xom
             ... in a sewer on Mar 11, 2024.
             The game lasted 00:03:05 (10552 turns).

Xavori the Trooper (Djinni Chaos Knight)           Turns: 10552, Time: 00:03:06

Health: -3/51      AC:  7    Str: 11    XL:     6   Next: 10%
Gold:   697        EV: 12    Int: 14    God:    Xom [......] SH:  0 Dex: 14

rFire   + + .        a - +0 falchion (chaos)
rCold   x . .        (no shield)
rNeg    . . .        b - +2 leather armour
rPois   ∞            (helmet restricted)
rElec   .            (no cloak)
rCorr   .            (no gloves)
SInv    .            (boots unavailable)
Will    .....        (no amulet)
Stlth   +            (no ring)
HPRegen 0.00/turn    (no ring)
MPRegen 0.00/turn

%: infuse magic (-4 HP)
@: flying, inhibited regen
A: sickness immunity, fire resistance 2, cold vulnerability 1, float, innate
caster, HP casting, extra vitality 1, horns 1, iridescent scales 1, sense
surroundings 1, robust 1, inhibited regeneration
a: Renounce Religion


You were in a sewer.
You worshipped Xom.
You were a very special plaything of Xom.
You visited 1 branch of the dungeon, and saw 4 of its levels.
You also visited: Sewer.

You collected 932 gold pieces.
You spent 235 gold pieces at shops.

Inventory:

Hand Weapons
 a - a +0 falchion of chaos (weapon)
Armour
 b - a +2 leather armour (worn)
Scrolls
 c - a scroll of butterflies
 d - a scroll of fear {unknown}
 e - 2 scrolls of identify {unknown}
 g - 2 scrolls of teleportation {unknown}
 h - 2 scrolls of immolation {unknown}
 i - a scroll of vulnerability {unknown}
 j - a scroll of brand weapon {unknown}
 k - a scroll of enchant armour {unknown}
 m - 2 scrolls of fog
 o - a scroll of enchant weapon {unknown}
Potions
 f - 2 potions of heal wounds
 l - a potion of lignification {unknown}
 n - a potion of attraction
 p - a potion of berserk rage {unknown}
 q - 2 potions of curing {unknown}


   Skills:
 + Level 3.7 Fighting
 + Level 3.3 Long Blades
 + Level 2.2 Armour
 + Level 3.2 Dodging
 * Level 2.2 Spellcasting
 * Level 2.2 Conjurations
 * Level 2.2 Hexes
 * Level 2.2 Summonings
 * Level 2.2 Necromancy
 * Level 2.2 Translocations
 * Level 2.2 Fire Magic
 * Level 2.2 Ice Magic
 * Level 2.2 Air Magic
 * Level 2.2 Earth Magic
 * Level 2.2 Alchemy


You knew the following spells:

 Your Spells              Type           Power      Damage    Failure   Level
a - Foxfire               Conj/Fire      28%        2x1d5     12%         1
b - Momentum Strike       Conj/Tloc      14%        3d8       19%         2
Your spell library was empty.

Dungeon Overview and Level Annotations

Branches:
Dungeon (4/15)              Sewer (1/1)
 Temple: D:4-7

Altars:
Gozag
Xom

Shops:
D:3 *


Innate Abilities, Weirdness & Mutations

You are immune to sickness and miasma.
You are immune to poison.
Your flesh is very heat resistant. (rF++)
You are vulnerable to cold. (rC-)
You float through the air rather than walking.
You learn spells naturally, not from books.
Your magical power is your life essence.
You have superior vitality. (+4 MHP)
You have a pair of small horns on your head.
You are partially covered in iridescent scales. (AC +2)
You passively map a small area around you.
You are robust. (+10% HP)
You do not regenerate when monsters are visible.


Message History

The ufetubus hits the crocodile but does no damage.
The crocodile barely misses you. The neqoxec hits you!
The shadow imp laughs crazily.
The shadow imp hits you but does no damage.
You feel less attractive to monsters.
You hit the crocodile but do no damage.
The crocodile is heavily wounded.
The ufetubus misses the crocodile.
The ufetubus closely misses the crocodile.
The crocodile completely misses the ufetubus.
The iron imp hits you.
The ufetubus hits the crocodile.
The ufetubus closely misses the crocodile.
The neqoxec hits you. The shadow imp closely misses you.
The crocodile bites the ufetubus!
The ufetubus dies!
The ufetubus disappears in a puff of smoke!
You closely miss the crocodile.
The crocodile is severely wounded.
The crocodile barely misses you.
The iron imp hits you but does no damage.
The neqoxec hits you.
* * * LOW HITPOINT WARNING * * *
The shadow imp hits you but does no damage.
You closely miss the crocodile.
The crocodile is severely wounded.
The crocodile closely misses the shadow imp.
The shadow imp splashes around in the water.
The neqoxec hits you!
* * * LOW HITPOINT WARNING * * *
The iron imp hits you but does no damage.
The crocodile bites the shadow imp!
The crocodile drags the shadow imp backwards!
The shadow imp dies!
The shadow imp disappears in a puff of smoke!
The crocodile closely misses you.
The iron imp grinds its teeth.
You slash the crocodile! You burn the crocodile.
You kill the crocodile!
The neqoxec hits you!
You die...

*###### ### ##....~.##
#[?*###..........###
#!~##...~.#* #~~...###
###~~.~.# #...~.##
#...~.~## ##~~~~.~
###~.53.### ###...~.##
#[~##.@..~####~~...###
#!? ###†.~~..~.~.###
### ###....~.###
########


You could see a neqoxec (summoned) and an iron imp (summoned).

Vanquished Creatures
  A crocodile (Sewer)
  2 vampire bats (D:3)
  2 adders
  3 fire bats (D:3)
  4 orcs
  2 spectral bats (D:3)
  3 bat skeletons (D:3)
  A bat zombie (D:3)
  8 endoplasms
  2 giant cockroaches
  7 goblins
  4 hobgoblins
  3 jackals (Sewer)
  6 kobolds
  2 quokkas
  14 bats
  A bat simulacrum (D:3)
  4 frilled lizards
  9 rats
78 creatures vanquished.

Notes
Turn   | Place    | Note
-------+----------+-------------------------------------------
     0 | D:1      | Xavori the Djinni Chaos Knight began the quest for the Orb.
     0 | D:1      | Reached XP level 1. HP: 20/20 MP: 0/0
    65 | D:1      | Reached XP level 2. HP: 25/25 MP: 0/0
    65 | D:1      | XOM: silly message
   148 | D:1      | XOM: divination: detect creatures
   206 | D:1      | XOM: silly message
   413 | D:1      | Found a faded altar of an unknown god.
  1733 | D:1      | XOM: divination: detect creatures
  2096 | D:1      | XOM: give mutations
  2096 | D:1      | Gained mutation: You are partially covered in iridescent
                  | scales. (AC +2) [Xom's mischief]
  2096 | D:1      | Gained mutation: You are clumsy. (Dex -2) [Xom's mischief]
  2129 | D:1      | XOM: stat loss: -1 Str (10/11)
  2823 | D:1      | XOM: torment (14/25 hp)
  3351 | D:1      | XOM: scenery: create altars
  3482 | D:1      | XOM: give mutations
  3482 | D:1      | Gained mutation: You expend health (3 HP) to strengthen
                  | your wands. [Xom's mischief]
  3482 | D:1      | Lost mutation: You are partially covered in iridescent
                  | scales. (AC +2) [Xom's mischief]
  3482 | D:1      | Gained mutation: You do not regenerate when monsters are
                  | visible. [Xom's mischief]
  4016 | D:1      | XOM: god gift: 753 gold pieces
  4527 | D:1      | XOM: torment (14/25 hp)
  4628 | D:1      | XOM is BORED!
  4628 | D:1      | XOM: draining
  5348 | D:1      | XOM: give mutations
  5348 | D:1      | Lost mutation: You are clumsy. (Dex -2) [Xom's mischief]
  5348 | D:1      | Gained mutation: You are clumsy. (Dex -2) [Xom's mischief]
  5348 | D:1      | Gained mutation: Armour fits poorly on your strangely
                  | shaped body. [Xom's mischief]
  5943 | D:1      | XOM: scenery: summon butterflies
  6468 | D:1      | XOM: scenery: create altars
  6930 | D:1      | XOM is BORED!
  7166 | D:1      | XOM: give mutations
  7166 | D:1      | Gained mutation: Your spells are a little easier to cast,
                  | but a little less powerful. [Xom's mischief]
  7166 | D:1      | Gained mutation: You sometimes lose your temper in combat.
                  | [Xom's mischief]
  7166 | D:1      | Gained mutation: You passively map a small area around you.
                  | [Xom's mischief]
  7166 | D:1      | Gained mutation: You have a pair of small horns on your
                  | head. [Xom's mischief]
  7171 | D:1      | XOM: cloud trail
  7455 | D:1      | XOM: summons 2 hostile demons
  7456 | D:1      | Noticed a crimson imp
  8423 | D:1      | XOM: give mutations
  8423 | D:1      | Lost mutation: You sometimes lose your temper in combat.
                  | [Xom's mischief]
  8423 | D:1      | Lost mutation: Your spells are a little easier to cast, but
                  | a little less powerful. [Xom's mischief]
  8442 | D:1      | XOM: give mutations
  8442 | D:1      | Lost mutation: Armour fits poorly on your strangely shaped
                  | body. [Xom's mischief]
  8442 | D:1      | Gained mutation: You have a somewhat thin skeletal
                  | structure. (Dex +2, Stealth+) [Xom's mischief]
  8442 | D:1      | Gained mutation: You are partially covered in iridescent
                  | scales. (AC +2) [Xom's mischief]
  8442 | D:1      | Lost mutation: You have a somewhat thin skeletal structure.
                  | (Dex +2, Stealth+) [Xom's mischief]
  8516 | D:1      | XOM: stat loss: -1 Str (9/11)
  8568 | D:2      | Reached XP level 3. HP: 26/27 MP: 0/0
  8568 | D:2      | Learned a level 1 spell: Foxfire
  8642 | D:2      | Reached skill level 1 in Spellcasting
  8642 | D:2      | Reached skill level 1 in Conjurations
  8642 | D:2      | Reached skill level 1 in Hexes
  8642 | D:2      | Reached skill level 1 in Summonings
  8642 | D:2      | Reached skill level 1 in Necromancy
  8642 | D:2      | Reached skill level 1 in Translocations
  8642 | D:2      | Reached skill level 1 in Fire Magic
  8642 | D:2      | Reached skill level 1 in Ice Magic
  8642 | D:2      | Reached skill level 1 in Air Magic
  8642 | D:2      | Reached skill level 1 in Earth Magic
  8642 | D:2      | Reached skill level 1 in Alchemy
  9016 | D:2      | XOM: 2-stop teleportation journey
  9054 | D:2      | Upgraded the game from 0.32-a0-656-g3542139ebd to
                  | 0.32-a0-675-gdc239d62e1
  9228 | D:2      | Reached XP level 4. HP: 32/35 MP: 0/0
  9454 | D:3      | Found Othet's General Store.
  9463 | D:3      | Bought a scroll of torment for 95 gold pieces
  9463 | D:3      | Bought a potion of heal wounds for 50 gold pieces
  9463 | D:3      | Bought a scroll of fog for 40 gold pieces
  9463 | D:3      | Bought a potion of heal wounds for 50 gold pieces
  9753 | D:3      | Found an opulent altar of Gozag.
  9901 | D:3      | Reached XP level 5. HP: 40/40 MP: 0/0
  9901 | D:3      | Learned a level 2 spell: Momentum Strike
 10341 | D:3      | XOM: give mutations
 10341 | D:3      | Lost mutation: You are clumsy. (Dex -2) [Xom's mischief]
 10341 | D:3      | Gained mutation: You are robust. (+10% HP) [Xom's mischief]
 10341 | D:3      | Lost mutation: You expend health (3 HP) to strengthen your
                  | wands. [Xom's mischief]
 10401 | D:4      | Reached XP level 6. HP: 47/51 MP: 0/0
 10459 | D:4      | Found a glowing drain.
 10463 | Sewer    | Entered a sewer
 10533 | Sewer    | Noticed a crocodile
 10533 | Sewer    | XOM: swap monsters
 10546 | Sewer    | XOM: summons 4 hostile demons
 10547 | Sewer    | Noticed a neqoxec
 10552 | Sewer    | Killed a crocodile
 10552 | Sewer    | Slain by a neqoxec

Illustrated notes

Levels and vault maps discovered:
D:1:      ncdulo_halloftheorcs, layout_rooms,
          shapermc_ecumenical_altar_mp_highgroup
D:2:      layout_basic
D:3:      layout_basic, grunt_temple_overflow_magic_moments,
          mainiacjoe_overflow_chevrons, serial_shops, shop, goddamned_bats
D:4:      layout_gridville, kennysheep_mini_moat, gup_sewer_entry_bowl,
          uniq_duvessa
Sewer:    sewer_the_crocodile

Skill      XL: |  1  2  3  4  5 |
---------------+----------------+-----
Spellcasting   | 1 2 |  2.2
Conjurations   | 1 2 |  2.2
Hexes          | 1 2 |  2.2
Summonings     | 1 2 |  2.2
Necromancy     | 1 2 |  2.2
Translocations | 1 2 |  2.2
Fire Magic     | 1 2 |  2.2
Ice Magic      | 1 2 |  2.2
Air Magic      | 1 2 |  2.2
Earth Magic    | 1 2 |  2.2
Alchemy        | 1 2 |  2.2
Long Blades    | 3 |  3.3
Armour         | 2 |  2.2
Dodging        | 3 |  3.2
Fighting       | |  3.7

Action                     |  1- 3 |  4- 6 || total
---------------------------+-------+-------++-------
  Melee: Falchion          |    91 |   120 ||   211
         Headbutt          |     7 |     7 ||    14
    Use: Potion            |       |     3 ||     3
   Stab: Distracted        |     1 |       ||     1
         Confused          |       |     2 ||     2
 Armour: Leather armour    |    40 |   136 ||   176
  Dodge: Dodged            |    72 |   154 ||   226

Table legend: (Time is in decaauts)
 A = Elapsed time spent in this place.
 B = Non-inter-level travel time spent in this place.
 C = Inter-level travel time spent in this place.
 D = Time resting spent in this place.
 E = Time spent auto-exploring this place.
 F = Levels seen in this place.
 G = Mean time per level.
                   A        B        C        D        E       F      G
               +--------+--------+--------+--------+--------+-----+--------+
         Total |  10585 |  10522 |     63 |   8032 |   1972 |   5 | 2117.0 |
       Dungeon |  10493 |  10430 |     63 |   8032 |   1923 |   4 | 2623.2 |
         Sewer |     91 |     91 |      0 |      0 |     49 |   1 |   91.0 |
               +--------+--------+--------+--------+--------+-----+--------+

Top non-repeatable levels by time:
     D:1: 8221 daAuts
     D:2: 1156 daAuts
     D:3: 1042 daAuts
   Sewer: 91 daAuts
     D:4: 72 daAuts
